 Dungeon Crawl Stone Soup version 0.20.1-1-g8b1a95d (webtiles) character file.

78 corax the Vandal (level 4, 0/34 HPs)
             Began as a Mummy Hunter on July 23, 2017.
             Killed by Freeze
             ... invoked by bli's ghost
              (3 damage)
             ... on level 3 of the Dungeon.
             The game lasted 00:06:01 (2757 turns).

corax the Vandal (Mummy Hunter)                     Turns: 2757, Time: 00:06:02

Health: 0/34       AC:  3    Str: 15    XL:     4   Next: 15%
Magic:  4/4        EV: 12    Int: 10    God:
Gold:   122        SH:  0    Dex: 13    Spells: 3/3 levels left

rFire    x . .     SeeInvis .   b - +0 short sword
rCold    + . .     Gourm    .   (no shield)
rNeg     + + +     Faith    .   c - +0 leather armour
rPois    ∞         Spirit   .   (no helmet)
rElec    .         Reflect  .   (no cloak)
rCorr    .         Harm     .   (no gloves)
MR       .....                  (no boots)
Stlth    +.........             i - amulet of rage
Regen    0.2/turn               o - ring of flight
MPRegen  0.1/turn               (no ring)

@: no status effects
A: no food or potions, fire vulnerability, cold resistance 1, negative energy
resistance 3, torment resistance, unbreathing
a: Evoke Flight


You were on level 3 of the Dungeon.
You were not hungry.

You visited 1 branch of the dungeon, and saw 4 of its levels.

You collected 122 gold pieces.

Inventory:

Hand Weapons
 a - a +1 hunting sling
 b - a +0 short sword (weapon)
Missiles
 d - 32 sling bullets
 j - 55 stones (quivered)
Armour
 c - a +0 leather armour (worn)
Jewellery
 h - an uncursed amulet of magic regeneration {unknown}
 i - an amulet of rage (around neck)
 o - a ring of flight (left hand)
Scrolls
 e - 3 scrolls of teleportation {unknown}
 f - 3 scrolls of remove curse {unknown}
 g - 3 scrolls of immolation {unknown}
 k - 2 scrolls of identify {unknown}
 l - a scroll of random uselessness {unknown}
 m - a scroll of amnesia {unknown}
 n - a scroll of blinking {unknown}


   Skills:
 + Level 2.5 Fighting
 + Level 1.0 Short Blades
 + Level 3.6 Slings
 + Level 1.0 Armour
 + Level 2.3 Dodging
 - Level 0.7 Stealth


You had 3 spell levels left.
You didn't know any spells.

Dungeon Overview and Level Annotations

Branches:
Dungeon (4/15)
 Temple: D:4-7

Altars:
Nemelex Xobeh

Annotations:
D:3 Sigmund; bli's ghost, amateur BaIE


Innate Abilities, Weirdness & Mutations

You do not eat or drink.
Your flesh is vulnerable to fire.
You are immune to poison.
Your flesh is cold resistant. (rC+)
You are immune to negative energy. (rN+++)
You are immune to unholy pain and torment.
You can survive without breathing.


Message History

Bli's ghost hits you.
You are electrocuted!
There is a stone staircase leading down here.
You hit bli's ghost.
Bli's ghost is lightly damaged.
Bli's ghost hits you.
You closely miss bli's ghost.
Bli's ghost is lightly damaged.
Bli's ghost closely misses you.
You hit bli's ghost but do no damage.
Bli's ghost is lightly damaged.
Bli's ghost completely misses you.
You closely miss bli's ghost.
Bli's ghost is lightly damaged.
Bli's ghost hits you.
You are electrocuted!
* * * LOW HITPOINT WARNING * * *
You closely miss bli's ghost.
Bli's ghost is lightly damaged.
Bli's ghost points at you and mumbles some strange words.
You are frozen.
You die...

.............##..###.###...###.##
#####.######..#..# #...# .#
#.......#..#..# #.... #.......#
....# #..## #.).....#.#...# #..
#.......#.#...#
#.......#.#...######..
#.....................
######.##.##.@........
#.##.##W#######..
#######.##.##.###.....
......................
#######.##!##.#######.
........... ###.#......##
#.#......# #.#......#


You could see bli's ghost.

Vanquished Creatures
  2 adders (D:2)
  A worm (D:2)
  3 dart slugs
  A leopard gecko (D:1)
  A giant cockroach (D:2)
  6 goblins
  9 hobgoblins
  3 kobolds (D:2)
  A quokka (D:3)
  2 ball pythons
  8 bats
  3 frilled lizards
  8 rats
48 creatures vanquished.

Notes
Turn   | Place    | Note
-------+----------+-------------------------------------------
     0 | D:1      | corax the Mummy Hunter began the quest for the Orb.
     0 | D:1      | Reached XP level 1. HP: 16/16 MP: 1/1
   244 | D:1      | Reached XP level 2. HP: 15/22 MP: 2/2
   629 | D:1      | Found a sparkling altar of Nemelex Xobeh.
  1266 | D:1      | Reached XP level 3. HP: 25/27 MP: 3/3
  1763 | D:2      | Reached skill level 1 in Armour
  2132 | D:2      | Reached XP level 4. HP: 28/34 MP: 4/4
  2569 | D:2      | Reached skill level 1 in Short Blades
  2665 | D:3      | Noticed Sigmund
  2738 | D:3      | Noticed bli's ghost (amateur BaIE)
  2757 | D:3      | Killed from afar by bli's ghost

Skill      XL: |  1  2  3  4 |
---------------+-------------+-----
Dodging        | 2 |  2.3
Armour         | 1 |  1.0
Short Blades   | 1 |  1.0
Fighting       | |  2.5
Slings         | |  3.6
Stealth        | |  0.7

Action                   |  1- 3 |  4- 6 || total
-------------------------+-------+-------++-------
Melee: Short sword       |   163 |    37 ||   200
 Fire: Hunting sling     |    19 |       ||    19
Armor: Leather armour    |    36 |    11 ||    47
Dodge: Dodged            |   122 |    32 ||   154
